AoeStats
← 神圣罗马帝国 | Holy Roman

African Clearing

510919715Analyzed
4v4 RM · 10h ago on Oct 3, 2026· 12m 8s· 8 players
Game mode
Random Map
Map size
Large (8 player)
Population
200
Speed
Normal
Resources
Standard
Victory
Conquest
Starting age
Dark Age
Ending age
Imperial Age
RankedLock teamsTeams togetherTeam positionsShared explorationLock speedFull tech treeHidden civsTurbo modeCheats
Victory
Defeat
🇺🇸 Spanish · United States
1334
+18
🇦🇷 Poles · Argentina
1318
+19
1291
+20
🇦🇷 Bulgarians · Argentina
1240
+22
🇨🇴 Magyars · Colombia
1444
-22
🇺🇸 Italians · United States
1391
-20
🇺🇸 Saxons · United States
1353
-19
🇺🇸 Mongols · United States
1329
-18
Hope
6:37 Loom
11:59 Feudal Age
Maverick
4:26 Loom
ivandario67
Dr Whitman
6:11 Loom
11:58 Feudal Age
Gladiator
8:16 Loom
神圣罗马帝国 | Holy Roman
13:42 Feudal Age
-LN-cheperico
4:08 Loom
5:19 Loom
9:12 Loom
10:54 Loom
13:01 Feudal Age
titumir
4:13 Loom
13:41 Feudal Age
Connection lost

Rejoining the realm…

Still unreachable

The connection could not be restored.

Session expired

The server has moved on; the page needs a fresh start.